 Dungeon Crawl Stone Soup version 0.31-a0-1308-ga3cce3a448 (webtiles) character file.

Game seed: 16537224828070322783

855 tsouns the Scholar of Death (level 7, 0/36 HPs)
             Began as a Deep Elf Necromancer on Dec 19, 2023.
             Was a Follower of Kikubaaqudgha.
             Killed from afar by a gargoyle (18 damage)
             ... with a stone arrow
             ... on level 5 of the Dungeon.
             The game lasted 00:12:09 (4539 turns).

tsouns the Scholar of Death (Deep Elf Necromancer)  Turns: 4539, Time: 00:12:10

Health: 0/36       AC:  7    Str:  5    XL:     7   Next: 70%
Magic:  12/18      EV: 14    Int: 22    God:    Kikubaaqudgha [*.....]
Gold:   199        SH:  0    Dex: 15    Spells: 10/18 levels left

rFire   + . .        m - +4 dagger (elec)
rCold   . . .        (no shield)
rNeg    . . .        o - +1 robe {rF+}
rPois   .            (no helmet)
rElec   .            (no cloak)
rCorr   .            (no gloves)
SInv    .            (no boots)
Will    .....        (no amulet)
Stlth   +++          j - ring of wizardry
HPRegen 0.26/turn    k - +4 ring of protection
MPRegen 0.16/turn

%: wizardry (x1)
@: animating dead
A: no striking features
a: Renounce Religion, Unearth Wretches


You were on level 5 of the Dungeon.
You worshipped Kikubaaqudgha.
Kikubaaqudgha was aware of your devotion.
You visited 1 branch of the dungeon, and saw 5 of its levels.

You collected 285 gold pieces.
You spent 86 gold pieces at shops.

Inventory:

Hand Weapons
 m - a +4 dagger of electrocution (weapon)
 r - the +4 dagger "Xiacsigeum" {freeze, rC+ Dex-4 SInv}
   (You found it on level 4 of the Dungeon)

   Dex-4:     It affects your dexterity (-4).
   rC+:       It protects you from cold.
   SInv:      It lets you see invisible.
Missiles
 q - 7 javelins
Armour
 a - a +0 robe
 o - a +1 robe of fire resistance (worn)
Jewellery
 e - a ring of protection from cold
 f - a ring of protection from cold
 j - a ring of wizardry (left hand)
 k - a +4 ring of protection (right hand)
 n - a +5 ring of evasion
Scrolls
 t - a scroll of immolation
Potions
 b - 2 potions of magic
 c - 2 potions of enlightenment
 d - a potion of heal wounds {unknown}
 g - a potion of lignification
 i - a potion of curing
 l - 2 potions of might
 p - a potion of berserk rage
 s - a potion of attraction


   Skills:
 + Level 5.7 Dodging
 + Level 6.1 Stealth
 + Level 6.3 Spellcasting
 + Level 7.1 Necromancy


You had 10 spell levels left.
You knew the following spells:

 Your Spells              Type           Power      Damage    Failure   Level
a - Necrotise             Necr           100%       1d9       1%          1
b - Vampiric Draining     Necr           38%        2d8       1%          3
c - Animate Dead          Necr           38%        N/A       1%          4

Your spell library contained the following spells:

 Spells                   Type           Power      Damage    Failure   Level
 Cigotuvi's Dreadful Rot  Necr/Pois/Air  34%        N/A       1%          2
 Sting                    Tmut/Pois      28%        1d4       3%          1
 Summon Small Mammal      Summ           28%        N/A       3%          1
 Poisonous Vapours        Pois/Air       14%        N/A       5%          2
 Agony                    Necr           38%        N/A       5%          5
 Summon Guardian Golem    Hex/Summ       7%         N/A       11%         3
 Olgreb's Toxic Radiance  Pois           7%         N/A       32%         4
 Orb of Destruction       Conj           3%         9d5       100%        7
 Spellforged Servitor     Conj/Summ      3%         N/A       100%        7


Dungeon Overview and Level Annotations

Branches:
Dungeon (5/15)
 Temple: D:4-7

Altars:
Ashenzari
Cheibriados
Dithmenos
Elyvilon
Fedhas
Kikubaaqudgha
Makhleb
Qazlal
Sif Muna
Trog
Vehumet
Wu Jian
Xom

Shops:
D:1 !   D:3 *(

Annotations:
D:5 Sigmund


Message History

Confirm with . or Enter, or press ? or * to list all spells.
Aiming: Necrotise (safe; 1% risk of failure)
Press: ? - help, Shift-Dir - straight line, f - Sigmund
Aim: Sigmund, wielding a +0 scythe and wearing a +0 robe (moderately wounded, chance to affect: 88%) Sigmund writhes in agony.
Unknown command.
Casting: Necrotise (safe; 1% risk of failure)
Confirm with . or Enter, or press ? or * to list all spells.
Aiming: Necrotise (safe; 1% risk of failure)
Press: ? - help, Shift-Dir - straight line, f/p - Sigmund
Aim: Sigmund, wielding a +0 scythe and wearing a +0 robe (moderately wounded, chance to affect: 88%) Sigmund writhes in agony.
Unknown command.
Casting: Necrotise (safe; 1% risk of failure)
Confirm with . or Enter, or press ? or * to list all spells.
You call upon the dead to rise.
The gargoyle hurls a stone arrow at you.
The stone arrow hits you!!
Ouch! That really hurt!
* * * LOW HITPOINT WARNING * * *
Unknown command.
You feel better.
Sigmund hits you from afar with a +0 scythe.
* * * LOW HITPOINT WARNING * * *
Unknown command.
The gargoyle hurls a stone arrow at you.
The stone arrow misses you.
Casting: Animate Dead (dangerous; 1% risk of failure)
Confirm with . or Enter, or press ? or * to list all spells.
You don't know that spell.
Unknown command.
Casting: Animate Dead (dangerous; 1% risk of failure)
Confirm with . or Enter, or press ? or * to list all spells.
Okay, then.
You feel better.
The gargoyle hurls a stone arrow at you.
The stone arrow hits you!!
Ouch! That really hurt!
You die...
Kikubaaqudgha rasps: "You have failed me!
Welcome... death!"

###########################
..'..............'9@..#...#
..#.............@#....#...#
..#..............#....'...#
.########.......##...##...#
.##....##.......##...# ...#
.##.....#........#...# ...+
........#........#...+ @..#
........#........#...# ...#
........#>.......#...# ....
.##....#######+###...#
...##


You could see a gargoyle and Sigmund.

Vanquished Creatures
  A water moccasin (D:5)
  3 scorpions
  3 jellies
  2 iguanas
  Natasha (thrice) (D:2)
  A sleepcap (D:5)
  6 orc wizards (D:3)
  8 adders
  3 gnolls (D:5)
  3 worms
  A dart slug (D:3)
  6 orcs
  7 ball pythons
  4 bats (D:1)
  7 endoplasms
  6 giant cockroaches
  A hobgoblin (D:2)
  8 jackals
  9 kobolds
  3 quokkas
  6 frilled lizards
  4 goblins
  6 rats
101 creatures vanquished.

Vanquished Creatures (collateral kills)
  A goblin (D:4)
  A jackal (D:5)
2 creatures vanquished.

Grand Total: 103 creatures vanquished

Notes
Turn   | Place    | Note
-------+----------+-------------------------------------------
     0 | D:1      | tsouns the Deep Elf Necromancer began the quest for the
                  | Orb.
     0 | D:1      | Reached XP level 1. HP: 10/10 MP: 6/6
   250 | D:1      | Found Qayty's Distillery.
   256 | D:1      | Bought a potion of curing for 42 gold pieces
   289 | D:1      | Reached XP level 2. HP: 15/15 MP: 5/8
   319 | D:1      | Reached skill level 5 in Necromancy
  1095 | D:2      | Noticed Natasha
  1099 | D:2      | Killed Natasha
  1100 | D:2      | Reached XP level 3. HP: 13/19 MP: 5/10
  1168 | D:2      | Noticed Natasha
  1175 | D:2      | Killed Natasha
  1176 | D:2      | Reached XP level 4. HP: 16/24 MP: 6/12
  1585 | D:2      | You fall into a shaft and drop 1 floor!
  1589 | D:2      | Noticed Natasha
  1598 | D:2      | Killed Natasha
  1810 | D:2      | Reached XP level 5. HP: 28/28 MP: 7/13
  2049 | D:3      | Found Osurol's Weapon Emporium.
  2145 | D:3      | Learned a level 3 spell: Vampiric Draining
  2150 | D:3      | Learned a level 4 spell: Animate Dead
  2153 | D:3      | Found Utopp's General Store.
  2161 | D:3      | Bought a scroll of immolation for 44 gold pieces
  2464 | D:3      | Found an ancient bone altar of Kikubaaqudgha.
  2464 | D:3      | Found a radiant altar of Vehumet.
  2550 | D:3      | Found a shimmering blue altar of Sif Muna.
  2566 | D:3      | Reached skill level 6 in Necromancy
  2586 | D:3      | Reached skill level 5 in Spellcasting
  2586 | D:3      | Reached XP level 6. HP: 19/32 MP: 1/15
  2592 | D:3      | Got Sif Muna's Atlas of Creation
  2615 | D:3      | Became a worshipper of Kikubaaqudgha
  3067 | D:4      | Reached skill level 5 in Stealth
  3136 | D:4      | Identified the +4 dagger "Xiacsigeum" {freeze, rC+ Dex-4
                  | SInv}
  3205 | D:4      | Found a shadowy altar of Dithmenos.
  3208 | D:4      | Found a shimmering altar of Xom.
  3216 | D:4      | Found a broken altar of Ashenzari.
  3217 | D:4      | Found a bloodstained altar of Trog.
  3217 | D:4      | Found a snail-covered altar of Cheibriados.
  3217 | D:4      | Found a stormy altar of Qazlal.
  3217 | D:4      | Found a burning altar of Makhleb.
  3220 | D:4      | Found a white marble altar of Elyvilon.
  3221 | D:4      | Found a blossoming altar of Fedhas.
  3222 | D:4      | Found an ornate altar of the Wu Jian Council.
  3530 | D:4      | Reached skill level 5 in Dodging
  3530 | D:4      | Reached XP level 7. HP: 36/36 MP: 12/17
  3730 | D:5      | Entered Level 5 of the Dungeon
  3831 | D:5      | Reached * piety under Kikubaaqudgha
  3831 | D:5      | Received a gift from Kikubaaqudgha
  3929 | D:5      | Reached skill level 7 in Necromancy
  4524 | D:5      | Noticed a gargoyle
  4525 | D:5      | Noticed Sigmund
  4539 | D:5      | Killed from afar by a gargoyle

Illustrated notes

Levels and vault maps discovered:
D:1:      roderic_chinese_lattice_arrival, layout_loops_ring, serial_shops,
          shop, kennysheep_nondescript
D:2:      layout_loops_corners, minmay_tetromino_l2, uniq_natasha
D:3:      layout_loops_cross, palyth_temple_overflow_mages, serial_shops,
          nicolae_square_shop, shop
D:4:      layout_rooms, minitemple, nicolae_eternal_life
D:5:      layout_gridville, dreamdust_mushroom_princess, uniq_sigmund,
          uniq_eustachio

Skill      XL: |  1  2  3  4  5  6  7 |
---------------+----------------------+-----
Necromancy     | 5 6 7 |  7.1
Stealth        | 3 4 5 6 |  6.1
Dodging        | 3 4 5 |  5.7
Spellcasting   | 4 5 6 |  6.3

Action                     |  1- 3 |  4- 6 |  7- 9 || total
---------------------------+-------+-------+-------++-------
  Melee: Short sword       |     8 |       |       ||     8
         Dagger            |     1 |    28 |     2 ||    31
   Cast: Necrotise         |    54 |   105 |    69 ||   228
         Vampiric Draining |       |     1 |     3 ||     4
         Animate Dead      |       |       |     3 ||     3
    Use: Scroll            |       |     9 |     2 ||    11
         Potion            |       |     1 |     2 ||     3
   Stab: Sleeping          |     2 |     1 |       ||     3
 Armour: Robe              |    15 |    51 |    21 ||    87
  Dodge: Dodged            |    11 |    43 |    39 ||    93

Table legend: (Time is in decaauts)
 A = Elapsed time spent in this place.
 B = Non-inter-level travel time spent in this place.
 C = Inter-level travel time spent in this place.
 D = Time resting spent in this place.
 E = Time spent auto-exploring this place.
 F = Levels seen in this place.
 G = Mean time per level.
                   A        B        C        D        E       F      G
               +--------+--------+--------+--------+--------+-----+--------+
         Total |   4543 |   4400 |    143 |      0 |   3617 |   5 |  908.6 |
       Dungeon |   4543 |   4400 |    143 |      0 |   3617 |   5 |  908.6 |
               +--------+--------+--------+--------+--------+-----+--------+

Top non-repeatable levels by time:
     D:2: 1111 daAuts
     D:3: 962 daAuts
     D:1: 882 daAuts
     D:5: 808 daAuts
     D:4: 778 daAuts
